 Dungeon Crawl Stone Soup version 0.31-a0-219-g8d62b2e7bb (webtiles) character file.

Game seed: 4053644654692471009

92 Demosthentine the Ducker (level 4, -1/34 HPs)
             Began as a Demonspawn Gladiator on July 3, 2023.
             Slain by a cerulean imp
             ... wielding a +0 spear
             ... summoned by Natasha
              (2 damage)
             ... on level 2 of the Dungeon.
             The game lasted 00:02:05 (1103 turns).

Demosthentine the Ducker (Demonspawn Gladiator)     Turns: 1103, Time: 00:02:06

Health: -1/34      AC:  4    Str: 16    XL:     4   Next: 35%
Magic:  4/4        EV: 13    Int:  9    God:
Gold:   49         SH:  0    Dex: 19    Spells: 3/3 levels left

rFire   . . .        a - +0 trident
rCold   . . .        (no shield)
rNeg    . . .        b - +0 leather armour
rPois   .            c - +0 helmet
rElec   .            (no cloak)
rCorr   .            (no gloves)
SInv    .            (no boots)
Will    .....        (no amulet)
Stlth   +++          (no ring)
HPRegen 0.25/turn    (no ring)
MPRegen 0.09/turn

%: no passive effects
@: no status effects
A: thin skeletal structure 2, powered by pain 1
a: no special abilities


You were on level 2 of the Dungeon.
You visited 1 branch of the dungeon, and saw 2 of its levels.

You collected 49 gold pieces.

Inventory:

Hand Weapons
 a - a +0 trident (weapon)
Missiles
 d - 3 throwing nets (quivered)
 e - a javelin
Armour
 b - a +0 leather armour (worn)
 c - a +0 helmet (worn)
Scrolls
 f - a scroll of amnesia {unknown}
 g - a scroll of teleportation
 h - a scroll of blinking {unknown}
 i - 2 scrolls of identify {unknown}
 j - a scroll of immolation {unknown}
Potions
 k - a potion of resistance {unknown}
 l - a potion of degeneration {unknown}
 m - a potion of mutation {unknown}


   Skills:
 + Level 2.9 Fighting
 + Level 3.2 Polearms
 - Level 1.7 Throwing
 + Level 1.5 Armour
 + Level 3.3 Dodging


You had 3 spell levels left.
You didn't know any spells.
Your spell library contained the following spells:

 Spells                   Type           Power      Damage    Failure   Level
 Ozocubu's Armour         Ice            0%         N/A       83%         3
 Tukima's Dance           Hex            0%         N/A       83%         3
 Passage of Golubria      Tloc           0%         N/A       99%         4
 Yara's Violent Unravell  Hex/Tmut       0%         3d3       100%        5
 Ozocubu's Refrigeration  Ice            0%         4d7       100%        7


Dungeon Overview and Level Annotations

Branches:
Dungeon (2/15)

Altars:
Okawaru

Annotations:
D:2 1 runed translucent door, Crazy Yiuf, Natasha


Innate Abilities, Weirdness & Mutations

You have a moderately thin skeletal structure. (Dex +4, Stealth++)
You sometimes gain a little power by taking damage.


Message History

You are too injured to fight recklessly!
You barely miss Natasha.
The cerulean imp hits you from afar with a +0 spear.
Natasha closely misses you.
You hit Natasha but do no damage. The cerulean imp barely misses you.
Natasha claws you but does no damage.
You closely miss Natasha. The cerulean imp closely misses you.
Natasha claws you.
You hit Natasha.
Natasha is lightly wounded.
The cerulean imp barely misses you. Natasha closely misses you.
You barely miss Natasha.
Natasha is lightly wounded.
The cerulean imp hits you but does no damage.
Natasha howls an incantation.
You feel troubled. Natasha barely misses you.
The cerulean imp hits you but does no damage.
You closely miss Natasha.
Natasha is lightly wounded.
Natasha stares at you and mumbles some strange words.
You resist with some effort.
The cerulean imp hits you from afar with a +0 spear.
* * * LOW HITPOINT WARNING * * *
You puncture Natasha!
Natasha is severely wounded.
Natasha barely misses you.
The cerulean imp hits you from afar with a +0 spear.
* * * LOW HITPOINT WARNING * * *
Natasha claws you but does no damage.
You closely miss Natasha.
Natasha is severely wounded.
The cerulean imp hits you from afar with a +0 spear.
* * * LOW HITPOINT WARNING * * *
Natasha claws you.
* * * LOW HITPOINT WARNING * * *
You hit Natasha.
Natasha is almost dead.
The cerulean imp hits you from afar with a +0 spear.
You die...

#########.####.
#.........# #.
#.........# #.
#.........####.
#..............
#........####..
#........####..
##########..............
......h@.†.†............
#####.....##.####.####.#
#..5..##.##...# #..
##.....##.##.#.# ###
#..>.......#.#.#
#......###.#.#)#
#......# #.#.#.#
#......###.#.#.#
#.......##.#.#.#


You could see Natasha and a cerulean imp (summoned).

Vanquished Creatures
  Natasha (D:2)
  Robin (D:2)
  An adder (D:2)
  A worm (D:2)
  A dart slug (D:2)
  2 endoplasms (D:2)
  2 giant cockroaches
  9 goblins
  4 hobgoblins (D:2)
  5 jackals (D:1)
  A kobold (D:2)
  A quokka (D:1)
  A ball python (D:1)
  5 bats
  4 frilled lizards
  A rat (D:1)
40 creatures vanquished.

Notes
Turn   | Place    | Note
-------+----------+-------------------------------------------
     0 | D:1      | Demosthentine the Demonspawn Gladiator began the quest for
                  | the Orb.
     0 | D:1      | Reached XP level 1. HP: 16/16 MP: 1/1
   271 | D:1      | Gained mutation: You have a somewhat thin skeletal
                  | structure. (Dex +2, Stealth+) [demonic ancestry]
   271 | D:1      | Reached XP level 2. HP: 22/22 MP: 2/2
   627 | D:2      | Found an iron altar of Okawaru.
   687 | D:2      | Noticed Robin
   712 | D:2      | Reached skill level 1 in Armour
   721 | D:2      | Gained mutation: You sometimes gain a little power by
                  | taking damage. [demonic ancestry]
   721 | D:2      | Reached XP level 3. HP: 18/28 MP: 3/3
   760 | D:2      | Killed Robin
   859 | D:2      | Found a runed translucent door.
   860 | D:2      | Noticed Crazy Yiuf
  1023 | D:2      | Gained mutation: You have a moderately thin skeletal
                  | structure. (Dex +4, Stealth++) [demonic ancestry]
  1023 | D:2      | Reached XP level 4. HP: 34/34 MP: 4/4
  1032 | D:2      | Noticed Natasha
  1039 | D:2      | Killed Natasha
  1085 | D:2      | Noticed Natasha
  1102 | D:2      | HP: 1/34 [Natasha (3)]
  1103 | D:2      | Slain by a cerulean imp

Illustrated notes

Levels and vault maps discovered:
D:1:      amcnicky_arrival_feature_with_door, layout_rooms, serial_aquarium,
          aquarium_bridge_square [aquarium_subvault_bridge,
          aquarium_subvault_window, aquarium_subvault_wall,
          aquarium_subvault_window], aquarium_window_1, aquarium_window_fake,
          aquarium_window_1, aquarium_window_1, aquarium_view_2c,
          aquarium_balcony_5a, aquarium_pool_2
D:2:      kennysheep_the_goblin_king, layout_basic, minmay_hexomino_r4,
          uniq_crazy_yiuf_cottage, uniq_robin, uniq_natasha

Skill      XL: |  1  2 |
---------------+-------+-----
Dodging        | 3 |  3.3
Polearms       | 3 |  3.2
Armour         | 1 |  1.5
Fighting       | |  2.9
Throwing       | |  1.7

Action                     |  1- 3 |  4- 6 || total
---------------------------+-------+-------++-------
  Melee: Trident           |   126 |    19 ||   145
    Use: Scroll            |     3 |       ||     3
         Potion            |     5 |       ||     5
   Stab: Sleeping          |     6 |     1 ||     7
 Armour: Leather armour    |    46 |     6 ||    52
  Dodge: Dodged            |    97 |    12 ||   109

Table legend: (Time is in decaauts)
 A = Elapsed time spent in this place.
 B = Non-inter-level travel time spent in this place.
 C = Inter-level travel time spent in this place.
 D = Time resting spent in this place.
 E = Time spent auto-exploring this place.
 F = Levels seen in this place.
 G = Mean time per level.
                   A        B        C        D        E       F      G
               +--------+--------+--------+--------+--------+-----+--------+
         Total |   1124 |   1113 |     11 |     34 |    762 |   2 |  562.0 |
       Dungeon |   1124 |   1113 |     11 |     34 |    762 |   2 |  562.0 |
               +--------+--------+--------+--------+--------+-----+--------+

Top non-repeatable levels by time:
     D:1: 581 daAuts
     D:2: 543 daAuts
